[Event "November 21 Early 2023"]
[Site "https://www.chess.com"]
[Date "2023.11.21"]
[Round "4"]
[White "Ambartsumova, Karina"]
[Black "Pace, Christopher"]
[Result "0-1"]
[Board "136"]
[TimeControl "180+1"]
[WhiteFideId "4166299"]
[BlackFideId "2610167"]
[WhiteElo "2240"]
[BlackElo "2412"]
[WhiteTeam "RUS"]
[BlackTeam "CAN"]
[WhiteClock "0:00:00"]
[BlackClock "0:00:17"]

1. d4 Nf6 2. c4 g6 3. g3 Bg7 4. Bg2 O-O 5. Nc3 d6 6. Nf3 Nc6 7. O-O e5 8. dxe5 dxe5 9. Bg5 Qxd1 10. Rfxd1 Be6 11. Nd2 h6 12. Bxf6 Bxf6 13. Nde4 Be7 14. Nd5 Bxd5 15. cxd5 Nd4 16. e3 Nf5 17. Rac1 Rac8 18. Bh3 Rfd8 19. Nc5 Rb8 20. Kf1 c6 21. Bg2 cxd5 22. Rxd5 Rxd5 23. Bxd5 Rc8 24. Nd3 Rxc1+ 25. Nxc1 b6 26. Nd3 Bd6 27. Ke2 Ne7 28. Bc4 Kf8 29. h4 f5 30. Ne1 e4 31. Nc2 Nc6 32. Bb5 Ne5 33. Nd4 Kf7 34. h5 Bc5 35. hxg6+ Kxg6 36. Ne6 Be7 37. Be8+ Kf6 38. Nf4 Bd6 39. b3 Ke7 40. Bb5 Kf6 41. Ba6 Ke7 42. Bc8 Kf6 43. Nd5+ Kg5 44. a4 Nd3 45. Kf1 Nc5 46. b4 Nxa4 47. b5 Nb2 48. Ke2 Nc4 49. Bd7 Ne5 50. Bc8 Nd3 51. Bd7 h5 52. Be8 Nc5 53. Bc6 h4 54. gxh4+ Kxh4 55. Nf6 Kg5 56. Nd5 Nd3 57. Be8 Ne5 0-1

[Event "November 21 Early 2023"]
[Site "https://www.chess.com"]
[Date "2023.11.21"]
[Round "4"]
[White "Bao, Qilin"]
[Black "Darmanin, Jake"]
[Result "0-1"]
[Board "137"]
[TimeControl "180+1"]
[WhiteFideId "8605750"]
[BlackFideId "5601061"]
[WhiteElo "2320"]
[BlackElo "2119"]
[WhiteTeam "CHN"]
[BlackTeam "MLT"]
[WhiteClock "0:00:00"]
[BlackClock "0:00:03"]

1. Nf3 d5 2. g3 Nf6 3. Bg2 c6 4. O-O g6 5. b3 Bg7 6. Bb2 O-O 7. c4 dxc4 8. bxc4 Na6 9. d3 h6 10. Nbd2 Bf5 11. Rb1 Qc8 12. Nb3 Bh3 13. Na5 Bxg2 14. Kxg2 b6 15. Nb3 c5 16. a4 Qc6 17. a5 Rab8 18. Kg1 b5 19. Be5 Rb7 20. cxb5 Rxb5 21. Qc2 Qc8 22. Rfc1 Rd8 23. Nbd4 Rxb1 24. Qxb1 Ne8 25. Bxg7 Kxg7 26. Nb5 Qb7 27. Qa1+ Kg8 28. Na3 Nd6 29. Nc4 Nxc4 30. Rxc4 Rb8 31. Kg2 Qb2 32. Qd1 Rb4 33. Rc2 Qa3 34. Ne5 Qb3 35. Nc4 Rb7 36. Qc1 Qb5 37. Qxh6 Qc6+ 38. f3 Nb4 39. Rc1 Nd5 40. Qd2 Qe6 41. h4 Qc6 42. h5 gxh5 43. Rh1 Qg6 44. e4 Nf6 45. Qf2 Rb3 46. Qxc5 Rxd3 47. Qxe7 Rc3 48. Qd8+ Kg7 49. Qd4 Rc2+ 50. Kh3 Kh7 51. Ne3 Re2 52. Nf5 Ng4 53. Qc4 Nf2+ 54. Kg2 Rd2 55. Rf1 Nxe4+ 56. Kg1 Nxg3 0-1

[Event "November 21 Early 2023"]
[Site "https://www.chess.com"]
[Date "2023.11.21"]
[Round "4"]
[White "Weishaeutel, Moritz"]
[Black "Tsyhanchuk, Stanislav"]
[Result "1-0"]
[Board "138"]
[TimeControl "180+1"]
[WhiteFideId "12967300"]
[BlackFideId "13505130"]
[WhiteElo "2321"]
[BlackElo "2173"]
[WhiteTeam "GER"]
[BlackTeam "BLR"]
[WhiteClock "0:02:09"]
[BlackClock "0:01:01"]

1. e4 c5 2. d4 cxd4 3. c3 dxc3 4. Nxc3 d6 5. Bc4 Nc6 6. Nf3 Nf6 7. e5 dxe5 8. Qxd8+ Nxd8 9. Nb5 Rb8 10. Nxe5 Ne6 11. Bxe6 Bxe6 12. Nc7+ Kd8 13. Nxe6+ fxe6 14. Nf7+ Ke8 15. Nxh8 g6 16. O-O Bg7 17. Bf4 Rd8 18. Nxg6 hxg6 19. Rfd1 Nd5 20. Bg5 Rc8 21. Rac1 Rxc1 22. Rxc1 Bxb2 23. Rb1 Bd4 24. Rxb7 Kd8 25. Kf1 Kc8 26. Rb3 a5 27. Ke2 a4 28. Ra3 Bc5 29. Rh3 a3 30. Bc1 Bd6 31. Rf3 e5 32. Bxa3 e4 33. Rf8+ Kd7 34. Bxd6 exd6 35. Kd2 Ke7 36. Rb8 Nf6 37. a4 Ng4 38. a5 d5 39. a6 Nxf2 40. a7 d4 41. a8=Q e3+ 42. Ke2 Ne4 1-0

[Event "November 21 Early 2023"]
[Site "https://www.chess.com"]
[Date "2023.11.21"]
[Round "4"]
[White "Gundam, Rohit"]
[Black "Golubev, Mikhail"]
[Result "0-1"]
[Board "139"]
[TimeControl "180+1"]
[WhiteFideId "75002809"]
[BlackFideId "14100983"]
[WhiteElo "2408"]
[BlackElo "2352"]
[WhiteTeam "USA"]
[BlackTeam "UKR"]
[WhiteClock "0:00:00"]
[BlackClock "0:00:24"]

1. d4 Nf6 2. Nf3 d6 3. c4 g6 4. Nc3 Bg7 5. e4 O-O 6. h3 e5 7. d5 Nh5 8. g3 f5 9. exf5 gxf5 10. Nh4 Nf4 11. Be3 Ng6 12. Nxg6 hxg6 13. Qd2 Nd7 14. O-O-O Nf6 15. Be2 Bd7 16. h4 Qe8 17. Bg5 Ng4 18. Rdf1 e4 19. f3 e3 20. Qc2 Nf2 21. Rh2 f4 22. Rhxf2 exf2 23. Bxf4 Rxf4 24. gxf4 Qe3+ 25. Qd2 Qxd2+ 26. Kxd2 Bh6 27. Rxf2 Bxf4+ 28. Kc2 Kf7 29. Bd3 Rh8 30. Rg2 Bf5 31. Ne2 Rxh4 32. Bxf5 gxf5 33. Kd3 Be5 34. b3 a6 35. Rf2 b5 36. f4 Rh3+ 37. Kc2 Bf6 38. Rg2 bxc4 39. bxc4 Ra3 40. Kb1 Ra4 41. Ng3 Rb4+ 42. Kc2 Rxc4+ 43. Kb3 Rxf4 44. Nh5 Rf3+ 45. Ka4 Be5 46. Rg6 Kxg6 0-1

[Event "November 21 Early 2023"]
[Site "https://www.chess.com"]
[Date "2023.11.21"]
[Round "4"]
[White "Martin Duque, Jesus"]
[Black "Rosner, Jonas"]
[Result "1/2-1/2"]
[Board "140"]
[TimeControl "180+1"]
[WhiteFideId "2208954"]
[BlackFideId "24608513"]
[WhiteElo "2319"]
[BlackElo "2394"]
[WhiteTeam "ESP"]
[BlackTeam "GER"]
[WhiteClock "0:00:19"]
[BlackClock "0:00:08"]

1. Nf3 Nf6 2. b3 e6 3. g3 b6 4. Bg2 Bb7 5. O-O Be7 6. c4 O-O 7. Nc3 c5 8. e3 d5 9. Qe2 Nc6 10. Bb2 d4 11. exd4 cxd4 12. Nb5 Bc5 13. Ne5 Na5 14. Bxb7 Nxb7 15. Nc6 Qd7 16. Nbxd4 Bxd4 17. Nxd4 Rfd8 18. Rad1 Nc5 19. Nf3 Qd3 20. Qxd3 Nxd3 21. Bxf6 gxf6 22. Ne1 a5 23. Nxd3 Rxd3 24. Rfe1 Rad8 25. Re2 R8d4 26. Kf1 a4 27. bxa4 Rxc4 28. Re3 Rxe3 29. dxe3 Rxa4 30. Rd2 f5 31. Ke2 Kf8 32. Kd3 Ke7 33. Kc3 h5 34. Kb3 b5 35. Rc2 Kd6 36. Rc8 h4 37. Rb8 hxg3 38. hxg3 Kc6 39. Rc8+ Kb6 40. Rb8+ Kc6 41. Rc8+ Kb6 42. a3 Ra7 43. Rb8+ Kc6 44. Rf8 Kc5 45. f3 Kb6 46. Rb8+ Kc5 47. Rc8+ Kb6 48. Rb8+ Kc5 49. Rh8 Rd7 50. Rc8+ Kb6 51. Kc3 Ra7 52. Kb4 Ra4+ 53. Kb3 Ra7 54. Rd8 Kc5 55. Rd1 Kb6 56. Rc1 Rd7 57. Rc3 Rd1 58. g4 fxg4 59. fxg4 Rg1 60. Rc8 Rxg4 61. Rf8 f5 62. Kc3 Re4 63. Kd3 Ra4 64. Re8 Rxa3+ 65. Kd2 Kc5 66. Rxe6 Ra2+ 67. Kc3 Ra3+ 68. Kd2 b4 69. Re5+ Kc4 70. Rxf5 b3 71. Rf4+ Kc5 72. Kc3 b2+ 73. Kxb2 Rxe3 74. Kc2 Re5 75. Kd3 Rd5+ 76. Kc3 Kd6 77. Kc4 Re5 78. Rh4 Re6 79. Kd4 Rf6 80. Re4 Re6 81. Rg4 Rf6 82. Ke4 Re6+ 83. Kf5 Re5+ 84. Kf6 Re6+ 85. Kf7 Re1 86. Rd4+ Ke5 87. Rd8 Rf1+ 88. Ke7 Rh1 89. Kf7 Rf1+ 90. Kg6 Rg1+ 91. Kh5 Rh1+ 92. Kg4 Rg1+ 93. Kf3 Rf1+ 94. Ke3 Rf6 95. Ra8 Re6 96. Ra5+ Kf6+ 97. Kf4 Rd6 98. Rh5 Ke6 99. Ke4 Rd8 100. Rh6+ Kf7 101. Ke5 Kg7 102. Ra6 Rf8 103. Re6 Rf7 104. Re8 Rf8 105. Re7+ Rf7 106. Re6 Rf8 107. Rd6 Rf7 108. Rd1 Rf8 109. Rg1+ Kh7 110. Ke6 Kh6 111. Rg2 Kh7 112. Ke7 Rf1 113. Rg4 Kh6 114. Ke6 Kh5 115. Rg2 Kh4 116. Rg8 Kh3 117. Rh8+ Kg2 118. Rg8+ Kh2 119. Rh8+ Kg2 120. Rg8+ Kh2 121. Rh8+ Kg2 1/2-1/2

[Event "November 21 Early 2023"]
[Site "https://www.chess.com"]
[Date "2023.11.21"]
[Round "4"]
[White "ChessLebaneseSalah"]
[Black "Pastar, Slaven"]
[Result "0-1"]
[Board "141"]
[TimeControl "180+1"]
[BlackFideId "14402718"]
[WhiteElo "2407"]
[BlackElo "2230"]
[BlackTeam "BIH"]
[WhiteClock "0:00:02"]
[BlackClock "0:00:45"]

1. e4 b6 2. d4 Bb7 3. Bd3 Nf6 4. Qe2 e6 5. Nf3 d5 6. e5 Ne4 7. Nbd2 Nxd2 8. Bxd2 c5 9. c3 a5 10. Bb5+ Bc6 11. O-O Be7 12. Rac1 O-O 13. g3 Bxb5 14. Qxb5 Qd7 15. Qxd7 Nxd7 16. c4 dxc4 17. Rxc4 b5 18. Rc2 c4 19. b3 Nb6 20. Rb1 cxb3 21. Rxb3 b4 22. Rc6 Nd5 23. Bg5 Rfc8 24. Rxc8+ Rxc8 25. Bxe7 Nxe7 26. a3 Nd5 27. axb4 axb4 28. Kf1 Rc2 29. Ne1 Rd2 30. Nf3 Ra2 31. Ne1 Ra1 32. Ke2 Rc1 33. Nd3 Rc2+ 34. Ke1 Rc4 35. Ke2 Rxd4 36. f4 h6 37. h3 Re4+ 38. Kd2 Re3 39. g4 Rxh3 40. Rb1 Rg3 41. Nxb4 Nxb4 42. Rxb4 Rxg4 43. Ke3 g5 44. Rb8+ Kg7 45. fxg5 hxg5 46. Rb5 Rf4 47. Ra5 Kg6 48. Rb5 Kf5 49. Ra5 Kg4 50. Ra7 Rf5 51. Ke4 Rf4+ 52. Ke3 Kg3 53. Ra3 Rf3+ 54. Ke4 Rxa3 0-1

[Event "November 21 Early 2023"]
[Site "https://www.chess.com"]
[Date "2023.11.21"]
[Round "4"]
[White "Szyszylo, Rafal"]
[Black "Gontcharov, Vladislav"]
[Result "0-1"]
[Board "142"]
[TimeControl "180+1"]
[WhiteFideId "1109626"]
[BlackFideId "4123492"]
[WhiteElo "1951"]
[BlackElo "2420"]
[WhiteTeam "POL"]
[BlackTeam "RUS"]
[WhiteClock "0:00:00"]
[BlackClock "0:00:15"]

1. e4 e6 2. d4 d5 3. e5 c5 4. c3 Nc6 5. Nf3 Nge7 6. Be3 Nf5 7. Bd3 cxd4 8. cxd4 Nxe3 9. fxe3 f5 10. O-O Be7 11. Nc3 O-O 12. Rc1 Bd7 13. a3 Rc8 14. b4 Nb8 15. Qb3 Qb6 16. Na4 Bxa4 17. Qxa4 a6 18. h4 h6 19. g3 Rc7 20. Nd2 Rfc8 21. Nb3 Rxc1 22. Rxc1 Rxc1+ 23. Nxc1 Qc6 24. Qxc6 Nxc6 25. h5 a5 26. b5 Na7 27. a4 Bb4 28. Kf2 Kf7 29. Nb3 Ke7 30. Kf3 Nc8 31. Bc2 Nb6 32. Nc5 Bxc5 33. dxc5 Nc4 34. Kf4 Kd7 35. Bd3 Nb2 36. Bc2 Nc4 37. Bd3 Nb2 38. Bc2 Kc7 39. g4 fxg4 40. Kxg4 b6 41. c6 Nc4 42. Kf4 Nb2 43. e4 d4 44. Bb3 Nd3+ 45. Kg3 Nxe5 46. Bxe6 Kd6 47. Bb3 d3 48. Kf2 Ng4+ 49. Ke1 Kc7 0-1

[Event "November 21 Early 2023"]
[Site "https://www.chess.com"]
[Date "2023.11.21"]
[Round "4"]
[White "Marchesich, Giovanni"]
[Black "Maltsevskaya, Aleksandra"]
[Result "0-1"]
[Board "143"]
[TimeControl "180+1"]
[WhiteFideId "2824790"]
[BlackFideId "24174041"]
[WhiteElo "2198"]
[BlackElo "2296"]
[WhiteTeam "ITA"]
[BlackTeam "POL"]
[WhiteClock "0:00:54"]
[BlackClock "0:00:23"]

1. e4 c5 2. Nf3 e6 3. d4 cxd4 4. Nxd4 Nf6 5. Nc3 Nc6 6. a3 d6 7. g3 Be7 8. Bg2 Bd7 9. O-O a6 10. Be3 Qc7 11. h3 O-O 12. Nde2 b5 13. g4 h6 14. Ng3 Ne5 15. f4 Nc4 16. Bc1 Bc6 17. b3 Qb6+ 18. Kh2 Ne3 19. Bxe3 Qxe3 20. Qd3 Qxd3 21. cxd3 Nd7 22. d4 Rac8 23. Rac1 Bb7 24. Rf2 d5 25. e5 Bxa3 26. Rcc2 Rc7 27. Nb1 Rxc2 28. Rxc2 Bb4 29. Rc7 Bc8 30. Nc3 Ba5 31. Rc6 Nb8 32. Rc5 Bb4 33. Na2 Bxc5 34. dxc5 a5 35. Ne2 Nc6 36. Nec3 b4 37. Nb5 Ba6 38. Nc7 Bd3 39. Nc1 Be4 40. Bf1 Rc8 41. Nb5 Ne7 42. Nd6 Rxc5 43. Nd3 Rc3 44. Nf2 Rxb3 45. Nfxe4 dxe4 0-1

[Event "November 21 Early 2023"]
[Site "https://www.chess.com"]
[Date "2023.11.21"]
[Round "4"]
[White "Gubajdullin, Alexei"]
[Black "Willy, Stephen"]
[Result "1-0"]
[Board "144"]
[TimeControl "180+1"]
[WhiteFideId "4141202"]
[BlackFideId "30981468"]
[WhiteElo "2280"]
[BlackElo "2139"]
[WhiteTeam "RUS"]
[BlackTeam "USA"]
[WhiteClock "0:00:55"]
[BlackClock "0:00:00"]

1. d4 d5 2. Nf3 Bf5 3. Bf4 e6 4. e3 Bd6 5. Bg3 Nf6 6. c4 Ne4 7. Nc3 Bb4 8. Qb3 c5 9. dxc5 Qa5 10. Rc1 Na6 11. a3 Bxc3+ 12. bxc3 Nexc5 13. Qb5+ Qxb5 14. cxb5 Nb8 15. Rd1 Ne4 16. c4 Nxg3 17. hxg3 dxc4 18. Bxc4 Nd7 19. Nh4 Bc2 20. Rd2 Ba4 21. O-O Nb6 22. Be2 Ke7 23. Nf3 Rhd8 24. Rb2 Rac8 25. Nd4 e5 26. Nf5+ Kf6 27. g4 Nc4 28. Rb4 Nb6 29. Ng3 Rc2 30. Bf3 Rc7 31. g5+ Kxg5 32. Rg4+ Kf6 33. Nh5+ Ke6 34. Nxg7+ Ke7 35. Rb1 Bc2 36. Rbb4 Bg6 37. Rh4 Kf6 38. Nh5+ Kg5 39. Rbg4+ Kf5 40. Be4+ Ke6 41. Ng3 Rc1+ 42. Kh2 Rdd1 43. Bxb7 Nc4 44. Rxc4 1-0

[Event "November 21 Early 2023"]
[Site "https://www.chess.com"]
[Date "2023.11.21"]
[Round "4"]
[White "Herman, Daniel"]
[Black "Skatchkov, Valery"]
[Result "0-1"]
[Board "145"]
[TimeControl "180+1"]
[WhiteFideId "30935008"]
[BlackFideId "24195812"]
[WhiteElo "1897"]
[BlackElo "2320"]
[WhiteTeam "USA"]
[BlackTeam "RUS"]
[WhiteClock "0:00:02"]
[BlackClock "0:01:01"]

1. e4 e5 2. Nf3 Nf6 3. Nxe5 d6 4. Nf3 Nxe4 5. Nc3 Nxc3 6. dxc3 Be7 7. Be3 O-O 8. Qd2 Nd7 9. O-O-O Nf6 10. h3 c5 11. g4 Be6 12. Kb1 Qa5 13. c4 Qa6 14. b3 Ne4 15. Qd3 f5 16. Nd2 d5 17. gxf5 Bxf5 18. Qxd5+ Kh8 19. Nxe4 Rad8 20. Qxd8 Rxd8 21. Rxd8+ Bxd8 22. Bd3 Bf6 23. h4 Qe6 24. Nxf6 Bxd3 25. cxd3 Qxf6 26. h5 h6 27. Kc2 b6 28. Rh3 Qa1 29. Bf4 Qxa2+ 30. Kc3 Qxf2 31. Be5 Qe1+ 0-1

[Event "November 21 Early 2023"]
[Site "https://www.chess.com"]
[Date "2023.11.21"]
[Round "4"]
[White "NelsonLinda"]
[Black "Spichkin, Alexander"]
[Result "0-1"]
[Board "146"]
[TimeControl "180+1"]
[BlackFideId "4144074"]
[WhiteElo "2570"]
[BlackElo "1968"]
[BlackTeam "RUS"]
[WhiteClock "0:00:56"]
[BlackClock "0:01:35"]

1. b3 d6 2. d4 c6 3. Bb2 Nd7 4. Nf3 h6 5. d5 cxd5 6. Qxd5 Ngf6 7. Qd4 g6 8. g3 Bg7 9. Bg2 Nh5 10. Qxg7 Nxg7 11. Bxg7 Rg8 12. Bb2 Nc5 13. O-O Bf5 14. Nd4 Bg4 15. h3 Bd7 16. Nd2 Qc8 17. Kh2 Ne6 18. c4 Nxd4 19. Bxd4 Bc6 20. Nf3 f5 21. Be3 g5 22. Rad1 Kf7 23. Rd4 Qc7 24. Rfd1 Rad8 25. h4 e5 26. R4d2 f4 27. gxf4 gxf4 28. Bxa7 Qe7 29. Bb6 Bxf3 30. exf3 Qxh4+ 31. Bh3 Rg3 32. fxg3 Qxg3+ 33. Kh1 Qxh3+ 34. Kg1 Rg8+ 35. Kf2 Rg2+ 36. Ke1 Qh1+ 37. Bg1 Qxg1# 0-1

[Event "November 21 Early 2023"]
[Site "https://www.chess.com"]
[Date "2023.11.21"]
[Round "4"]
[White "Pak, Yevgeniy"]
[Black "Kukreja Sankalp"]
[Result "0-1"]
[Board "147"]
[TimeControl "180+1"]
[WhiteFideId "14201712"]
[BlackFideId "45027676"]
[WhiteElo "2320"]
[BlackElo "2126"]
[WhiteTeam "KAZ"]
[BlackTeam "IND"]
[WhiteClock "0:00:48"]
[BlackClock "0:01:49"]

1. e4 c5 2. Nf3 g6 3. d4 cxd4 4. Qxd4 Nf6 5. Nc3 Nc6 6. Qd3 Bg7 7. Be2 O-O 8. O-O d6 9. Nd5 Bg4 10. c3 Rc8 11. h3 Bxf3 12. Qxf3 Ne5 13. Qg3 Nxe4 14. Qh4 Nf6 15. f4 Nxd5 16. fxe5 Bxe5 17. Bc4 e6 18. Qxd8 Rfxd8 19. Bxd5 exd5 20. Bg5 Rd7 21. Rad1 Rc5 22. Rf2 d4 23. cxd4 Bxd4 24. Rxd4 Rxg5 25. Rfd2 Rb5 26. b3 d5 27. Kf2 f5 28. g4 Kf7 29. Kf3 Kf6 30. Kf4 g5+ 31. Kf3 f4 32. h4 h6 33. hxg5+ hxg5 34. Rh2 Kg6 35. Rh8 Rc5 36. Rg8+ Kf6 37. Rf8+ Kg7 38. Rf5 Kg6 39. a4 Rc3+ 40. Ke2 Rg3 41. Rdxd5 Rxd5 42. Rxd5 Rxg4 43. Rd7 Rg2+ 44. Kf1 f3 45. Rxb7 g4 46. Rxa7 Rb2 47. Rb7 g3 48. a5 Rb1# 0-1

[Event "November 21 Early 2023"]
[Site "https://www.chess.com"]
[Date "2023.11.21"]
[Round "4"]
[White "Su, Dion"]
[Black "JuniorJumper"]
[Result "1/2-1/2"]
[Board "148"]
[TimeControl "180+1"]
[WhiteFideId "2029731"]
[WhiteElo "2397"]
[BlackElo "2558"]
[WhiteTeam "USA"]
[WhiteClock "0:00:03"]
[BlackClock "0:00:07"]

1. e4 b6 2. Nc3 Bb7 3. Nf3 e6 4. a3 d5 5. e5 d4 6. Nb1 Bxf3 7. Qxf3 c6 8. Bc4 Qc7 9. Qg3 Nd7 10. f4 b5 11. Be2 Nh6 12. d3 Nf5 13. Qf3 Bc5 14. b4 Bb6 15. g4 Ne3 16. Bxe3 dxe3 17. O-O h5 18. g5 g6 19. c3 a5 20. bxa5 Rxa5 21. d4 c5 22. Qxe3 cxd4 23. cxd4 Ra4 24. Rd1 b4 25. Bb5 Ra5 26. a4 O-O 27. Nd2 Qc3 28. Qxc3 bxc3 29. Nb3 Ra7 30. Rac1 Rc8 31. Rd3 Rac7 32. Kf2 c2 33. Ke2 Nb8 34. Kd2 Nc6 35. Rxc2 Na5 36. Rxc7 Rxc7 37. Ke3 Kf8 38. Ke4 Ke7 39. Nxa5 Bxa5 40. d5 exd5+ 41. Rxd5 Be1 42. Rd6 Bb4 43. Rd5 Be1 44. Rd4 Bf2 45. Rd3 Ra7 46. Ra3 Bc5 47. Ra2 Bg1 48. a5 Bc5 49. a6 Bb6 50. Bc6 Rc7 51. Bb7 Ba7 52. Rd2 Rc4+ 53. Kf3 Rc3+ 54. Ke4 Rc4+ 55. Kd5 Rc5+ 56. Ke4 Rc4+ 1/2-1/2

[Event "November 21 Early 2023"]
[Site "https://www.chess.com"]
[Date "2023.11.21"]
[Round "4"]
[White "Nguyen, Thi Mai Hung"]
[Black "Omariev, Maksim"]
[Result "0-1"]
[Board "149"]
[TimeControl "180+1"]
[WhiteFideId "12401676"]
[BlackFideId "4193423"]
[WhiteElo "2067"]
[BlackElo "2541"]
[WhiteTeam "VIE"]
[BlackTeam "RUS"]
[WhiteClock "0:00:04"]
[BlackClock "0:00:02"]

1. d4 h5 2. Nf3 h4 3. Bf4 h3 4. g3 d5 5. c4 c6 6. Nbd2 Nf6 7. Qc2 Bg4 8. Ne5 Be6 9. e4 dxe4 10. Be3 Qa5 11. a3 Na6 12. O-O-O g6 13. Nxe4 Nxe4 14. Qxe4 Bf5 15. Qf3 Nb4 16. Bd3 Nxd3+ 17. Nxd3 Bg7 18. g4 Be6 19. d5 cxd5 20. Nf4 dxc4 21. Nxe6 fxe6 22. Qxb7 O-O 23. Qxe7 Rab8 24. Qxe6+ Rf7 25. Bd4 c3 26. Bxc3 Bxc3 27. Rd7 Bxb2+ 28. Kd1 Qa4+ 29. Ke2 Qf4 30. Qxg6+ Bg7 31. Rxf7 Rb2+ 32. Kd1 Qd2# 0-1

[Event "November 21 Early 2023"]
[Site "https://www.chess.com"]
[Date "2023.11.21"]
[Round "4"]
[White "Sliwicki, Damian"]
[Black "Tologon tegin, Semetei"]
[Result "1-0"]
[Board "150"]
[TimeControl "180+1"]
[WhiteFideId "1127128"]
[BlackFideId "13800574"]
[WhiteElo "1992"]
[BlackElo "2258"]
[WhiteTeam "POL"]
[BlackTeam "KGZ"]
[WhiteClock "0:00:02"]
[BlackClock "0:00:00"]

1. e4 e5 2. Nf3 Nc6 3. d4 exd4 4. Bc4 Nf6 5. O-O Nxe4 6. Re1 d5 7. Bxd5 Qxd5 8. Nc3 Qd8 9. Nxe4 Be7 10. Bg5 O-O 11. Bxe7 Nxe7 12. Qxd4 Nc6 13. Qc3 Bf5 14. Rad1 Qc8 15. Nc5 a5 16. a3 b6 17. Nb3 Qb7 18. Nfd4 Nxd4 19. Nxd4 Bg6 20. Nc6 Rfe8 21. h4 Bh5 22. f3 h6 23. Re7 Bg6 24. Rdd7 Rac8 25. g4 h5 26. Qc4 Rxe7 27. Nxe7+ Kh7 28. Nxc8 Qxf3 29. gxh5 Be4 30. Rd2 Qg4+ 31. Kf2 Qf4+ 32. Ke1 Qxh4+ 33. Rf2 Qh1+ 34. Qf1 Qh4 35. Qe2 Qh1+ 36. Kd2 Qh4 37. Qe3 Qd8+ 38. Ke1 f5 39. Na7 Qh4 40. Nb5 Qh1+ 41. Rf1 Qh4+ 42. Qf2 Qg5 43. Qd2 Qg3+ 44. Qf2 Qg5 45. Nc3 Qc1+ 46. Nd1 Bxc2 47. Qd2 Qb1 48. Ke2 Be4 49. Nc3 Bf3+ 50. Rxf3 Qe1+ 51. Kxe1 1-0

[Event "November 21 Early 2023"]
[Site "https://www.chess.com"]
[Date "2023.11.21"]
[Round "4"]
[White "Ljukin, Sergei"]
[Black "Jeet, Jain"]
[Result "1-0"]
[Board "151"]
[TimeControl "180+1"]
[WhiteFideId "14102200"]
[BlackFideId "5073022"]
[WhiteElo "2312"]
[BlackElo "2067"]
[WhiteTeam "UKR"]
[BlackTeam "IND"]
[WhiteClock "0:00:17"]
[BlackClock "0:00:48"]

1. e4 Nc6 2. Nf3 d6 3. d4 Bg4 4. Be3 e5 5. d5 Nce7 6. h3 Bd7 7. c4 g6 8. Nc3 Bg7 9. g4 Nf6 10. Bd3 O-O 11. Qd2 c6 12. O-O-O cxd5 13. cxd5 b5 14. Kb1 b4 15. Ne2 a5 16. Ng3 Rb8 17. g5 Ne8 18. h4 a4 19. h5 a3 20. b3 Nc7 21. Nh4 Nb5 22. Bxb5 Rxb5 23. Rc1 Qb8 24. Rc4 Rc8 25. Rhc1 Rxc4 26. Rxc4 Nc8 27. h6 Bf8 28. Nf3 Be7 29. Ne1 Bd8 30. Nd3 Ba5 31. f4 Rb7 32. fxe5 Bb5 33. Rc2 dxe5 34. Nc5 Rc7 35. Qf2 Nd6 36. Qf6 Ne8 37. Qxe5 Qd8 38. Bd4 f6 39. gxf6 Rf7 40. Qe6 Bc7 41. e5 Bb8 42. Nge4 Nc7 43. Qd6 Qxd6 44. Nxd6 Rf8 45. f7+ Rxf7 46. Nxf7 Kxf7 47. Rf2+ Ke8 48. e6 Nxd5 49. Rf7 Bd6 50. Rxh7 Nc3+ 51. Ka1 Ne2 52. Bf6 1-0

[Event "November 21 Early 2023"]
[Site "https://www.chess.com"]
[Date "2023.11.21"]
[Round "4"]
[White "Bilan, Danila"]
[Black "Gallegos Diaz, Carlos Alberto"]
[Result "1-0"]
[Board "152"]
[TimeControl "180+1"]
[WhiteFideId "24161918"]
[BlackFideId "3900886"]
[WhiteElo "2146"]
[BlackElo "2362"]
[WhiteTeam "RUS"]
[BlackTeam "VEN"]
[WhiteClock "0:00:20"]
[BlackClock "0:00:04"]

1. d4 d6 2. Nf3 Nf6 3. g3 Nbd7 4. Bg2 e5 5. c4 Be7 6. O-O O-O 7. Nc3 c6 8. Qc2 Re8 9. h3 h6 10. Rd1 Qc7 11. e4 exd4 12. Nxd4 Bf8 13. Bf4 Ne5 14. b3 a6 15. Rd2 b5 16. cxb5 cxb5 17. Rc1 Bb7 18. Nd5 Nxd5 19. Qxc7 Nxc7 20. Rxc7 Bc8 21. Be3 Rb8 22. f4 Nd7 23. e5 dxe5 24. Nc6 exf4 25. Bxf4 Rb6 26. Rdxd7 Bxd7 27. Rxd7 Re1+ 28. Kh2 Re2 29. Rc7 g5 30. Bc1 Rc2 31. Be3 Be7 32. Bxb6 1-0

[Event "November 21 Early 2023"]
[Site "https://www.chess.com"]
[Date "2023.11.21"]
[Round "4"]
[White "Lund, Gunnar"]
[Black "Dishman, Stephen"]
[Result "1-0"]
[Board "153"]
[TimeControl "180+1"]
[WhiteFideId "1520814"]
[BlackFideId "403024"]
[WhiteElo "2233"]
[BlackElo "2204"]
[WhiteTeam "NOR"]
[BlackTeam "ENG"]
[WhiteClock "0:01:04"]
[BlackClock "0:00:08"]

1. d4 d5 2. Nf3 Nf6 3. g3 Bf5 4. Bg2 e6 5. O-O h6 6. c4 c6 7. Nc3 Nbd7 8. Qb3 Qb6 9. c5 Qa6 10. Qd1 Be7 11. b4 b6 12. Ne5 Nxe5 13. dxe5 Nd7 14. e4 Bh7 15. exd5 cxd5 16. c6 Nxe5 17. Re1 Nxc6 18. b5 Qa5 19. Nxd5 O-O-O 20. bxc6 Bf6 21. Bd2 Rxd5 22. Bxa5 Rxd1 23. Rexd1 Bxa1 24. Bxb6 axb6 25. Rxa1 Kc7 26. Kf1 Rd8 27. Ke1 Bd3 28. a4 Ra8 29. Rd1 Bc2 30. Rd7+ Kc8 31. Rxf7 Rxa4 32. Rxg7 e5 33. Bh3+ Kd8 34. c7+ 1-0

[Event "November 21 Early 2023"]
[Site "https://www.chess.com"]
[Date "2023.11.21"]
[Round "4"]
[White "Novik, Maxim"]
[Black "Kotepalli, Sai Nirupama"]
[Result "0-1"]
[Board "154"]
[TimeControl "180+1"]
[WhiteFideId "4102924"]
[BlackFideId "5039444"]
[WhiteElo "2306"]
[BlackElo "2383"]
[WhiteTeam "LTU"]
[BlackTeam "IND"]
[WhiteClock "0:00:09"]
[BlackClock "0:00:07"]

1. e4 c5 2. Nf3 e6 3. d3 d5 4. Nbd2 Nc6 5. g3 Nf6 6. Bg2 dxe4 7. dxe4 e5 8. O-O Be6 9. Ng5 Bg4 10. Bf3 Bxf3 11. Ngxf3 Be7 12. c3 Qc7 13. Qe2 O-O-O 14. a4 h6 15. Re1 g5 16. Nc4 g4 17. Nfd2 h5 18. Ne3 Rdg8 19. Nf5 Bd8 20. Nc4 Ne8 21. Be3 Ne7 22. Nxe7+ Bxe7 23. Red1 h4 24. a5 hxg3 25. hxg3 Qc6 26. Rd5 Qg6 27. Qf1 Qh5 28. Qg2 f6 29. Bxc5 Rg7 30. Bxe7 Rxe7 31. Nb6+ axb6 32. axb6 Kb8 33. Rda5 Kc8 34. Kf1 Qh1+ 35. Qxh1 Rxh1+ 36. Ke2 Rxa1 37. Rxa1 Re6 38. Kd3 Rxb6 39. b4 Rd6+ 40. Kc2 Nc7 41. Rh1 Rc6 42. Kb3 Nb5 43. c4 Nd6 44. c5 Nxe4 45. Kc4 Nxf2 46. Rh8+ Kd7 47. Rh7+ Kc8 48. b5 Re6 49. Kd5 Re8 50. c6 bxc6+ 51. Kxc6 Re6+ 52. Kd5 Rb6 53. Kc5 Re6 54. Kd5 Re8 55. Kc6 Nd3 56. b6 Nb4+ 57. Kb5 Nd5 58. Kc6 Ne7+ 59. Kc5 Kb7 60. Rg7 e4 61. Kd4 f5 62. Kc5 e3 63. Kd4 e2 64. Ke5 e1=Q+ 65. Kf6 Qc3+ 66. Kf7 Qxg7+ 67. Kxg7 Nd5 68. Kg6 Re3 69. Kxf5 Rxg3 70. Ke4 Rg1 0-1

[Event "November 21 Early 2023"]
[Site "https://www.chess.com"]
[Date "2023.11.21"]
[Round "4"]
[White "secrethawk1"]
[Black "Erzhanov, Arman"]
[Result "0-1"]
[Board "155"]
[TimeControl "180+1"]
[BlackFideId "4138821"]
[WhiteElo "2383"]
[BlackElo "2171"]
[BlackTeam "KAZ"]
[WhiteClock "0:00:01"]
[BlackClock "0:01:20"]

1. d4 d6 2. Nf3 Bg4 3. e4 e6 4. c4 Nf6 5. Nc3 d5 6. cxd5 exd5 7. e5 Ne4 8. Be2 Bb4 9. Qc2 Bf5 10. Bd3 O-O 11. O-O Bxc3 12. bxc3 Bg6 13. a4 c5 14. Ba3 c4 15. Bxe4 Bxe4 16. Qb2 Re8 17. Qxb7 Nd7 18. Ne1 Re6 19. Bd6 Rg6 20. f3 Bf5 21. Qxd5 Nb6 22. Qb5 Bd7 23. Qb4 a5 24. Qc5 Nxa4 25. Qxc4 Rc8 26. Qa6 Nxc3 27. Rxa5 Ne2+ 28. Kh1 Nxd4 29. Nd3 Nf5 30. Nf4 Rh6 31. Qd3 Ng3+ 32. Kg1 Bf5 33. Qa6 Nxf1 34. Kxf1 Rxh2 35. Nd5 Rh1+ 36. Ke2 Rc2+ 37. Ke3 Qg5+ 38. Nf4 Re1+ 39. Kd4 Qxf4+ 40. Kd5 Rd1+ 41. Qd3 Rxd3# 0-1